 Dungeon Crawl Stone Soup version 0.19-a0-1732-g0b18a7b (webtiles) character file.

1640 4thArraOfDagon the Grappler (level 8, -7/70 HPs)
             Began as a Troll Wanderer on Sept 30, 2016.
             Was a Believer of Nemelex Xobeh.
             Mangled by a two-headed ogre
             ... wielding a +0 dire flail
              (25 damage)
             ... on level 9 of the Dungeon.
             The game lasted 00:10:45 (2079 turns).

4thArraOfDagon the Grappler (Troll Wanderer)        Turns: 2079, Time: 00:10:45

Health: -7/70      AC:  5    Str: 18 (19) XL:     8   Next: 66%
Magic:  10/10      EV:  9    Int:  9      God:    Nemelex Xobeh [**....]
Gold:   151        SH:  0    Dex: 13 (14) Spells: 1 memorised, 4 levels left

rFire  . . .     SeeInvis .       - Unarmed
rCold  . . .     Gourm    +     d - +0 robe
rNeg   . . .     Faith    .     (no shield)
rPois  .         Spirit   .     (helmet restricted)
rElec  .         Dismiss  .     (no cloak)
rCorr  +         Reflect  .     (gloves unavailable)
MR     +....     Harm     .     (boots unavailable)
Stlth  ++........               (no amulet)
                                E - ring of protection from magic
                                A - ring of resist corrosion

@: no status effects
A: unfitting armour, claws 3, agile 1, blurry vision 1, deterioration 1, fast
metabolism 3, gourmand, regeneration 1, shaggy fur 1, tough skin 2, wild magic
1, evolution 1
a: Renounce Religion


You were on level 9 of the Dungeon.
You worshipped Nemelex Xobeh.
Nemelex Xobeh was pleased with you.
You were very full.

You visited 2 branches of the dungeon, and saw 10 of its levels.
You also visited: Sewer.

You collected 266 gold pieces.
You spent 115 gold pieces at shops.

Inventory:

Hand Weapons
 f - a +0 dagger
 o - the +9 long sword of Mana {venom, *Contam Str+2 Int+2, unknown}
   (You found it on level 5 of the Dungeon)

   It poisons the flesh of those it strikes.
   It affects your strength (+2).
   It affects your intelligence (+2).
   It causes magical contamination when unequipped.
 w - a +0 giant spiked club
Missiles
 B - 4 large rocks (quivered)
Armour
 d - a +0 robe (worn)
Rods
 y - a +1 rod of ignition (14/14)
   (You found it on level 6 of the Dungeon)
Jewellery
 A - a ring of resist corrosion (left claw)
 E - a ring of protection from magic (right claw)
Wands
 x - a wand of confusion (11/48)
 z - a wand of hasting (4/9)
Scrolls
 c - 2 scrolls of enchant weapon {unknown}
 e - a scroll of fear {unknown}
 h - 4 scrolls of teleportation
 l - a scroll of random uselessness {unknown}
 m - 3 scrolls of remove curse {unknown}
 p - 4 scrolls of identify {unknown}
 s - a scroll of blinking {unknown}
 v - a scroll of immolation {unknown}
 D - 2 scrolls of vulnerability {unknown}
Potions
 b - 3 potions of curing
 j - 2 potions of brilliance {unknown}
 k - 2 potions of degeneration {unknown}
 q - a potion of might
 r - a potion of berserk rage
 u - 2 potions of agility {unknown}
Books
 a - a book of Battle

   Spells                             Type                      Level
   a - Infusion                       Charms                       1
   b - Shroud of Golubria             Charms/Translocation         2
   c - Song of Slaying                Charms                       2
   d - Spectral Weapon                Hexes/Charms                 3
   e - Regeneration                   Charms/Necromancy            3
 n - a book of Minor Magic

   Spells                             Type                      Level
   a - Magic Dart                     Conjuration                  1
   b - Blink                          Translocation                2
   c - Call Imp                       Summoning                    2
   d - Repel Missiles                 Charms/Air                   2
   e - Slow                           Hexes                        2
   f - Conjure Flame                  Conjuration/Fire             3
   g - Mephitic Cloud                 Conjuration/Poison/Air       3
Miscellaneous
 t - a plain deck of destruction {drawn: 1}
 C - a plain deck of destruction
Comestibles
 g - 3 bread rations


   Skills:
 - Level 1.0 Fighting
   Level 1.0 Polearms
 - Level 1.0 Throwing
 - Level 1.0 Dodging
 - Level 1.7 Stealth
 * Level 9.4 Unarmed Combat
 - Level 1.2 Charms
   Level 1.0 Earth Magic
 + Level 4.9 Invocations


You had 4 spell levels left.
You knew the following spells:

 Your Spells              Type           Power        Failure   Level  Hunger
a - Regeneration          Chrm/Necr      #.........   92%         3    ####...


Dungeon Overview and Level Annotations

Branches:
Dungeon (9/15)             Temple (1/1) D:4            Lair (0/6) D:8
    Orc: D:9-12

Altars:
Ashenzari
Elyvilon
Fedhas
Hepliaklqana
Kikubaaqudgha
Nemelex Xobeh
Qazlal
Uskayaw
Vehumet
Xom
Zin
The Shining One

Shops:
D:4 !   D:5 %

Annotations:
D:2 Grinder


Innate Abilities, Weirdness & Mutations

You are too large for most types of armour.
You have claws for hands.
Your metabolism is lightning-fast.
You like to eat raw meat.
Your natural rate of healing is unusually fast.
You are covered in fur. (AC +1)
You have very tough skin. (AC +2)
You are agile. (Dex +2)
Scrolls take you a little longer to read.
Your body sometimes deteriorates upon taking damage.
Your spells are a little harder to cast, but a little more powerful.
You evolve.


Message History

The ice beast barely resists.
The ice beast hits you. The ice beast freezes you.
* * * LOW HITPOINT WARNING * * *
Unknown command.
Evoke which item? (* to show all) (? for menu, Esc to quit)
You draw a card...
It is the Storm.
The deck of cards disappears without a trace.
A fierce wind blows from the card.
Your air elemental and the ice beast are blown away by the wind.
The two-headed ogre is struck by lightning.
Something shouts, "Get thee gone, thou ducking shard-borne mendicant!"
Unknown command.
Lightning arcs down from a storm cloud!
Unknown command.
Unknown command.
You scratch the two-headed ogre.
The two-headed ogre is heavily wounded.
The two-headed ogre hits you with a dire flail!!
You die...
Your body disappears without a glow.

###()#
###)######
#........#
#..).....#
#........#
#.§§§§§§§#
#§§§§§§§§+
#§§§§§§§§#
#§§E>.@§§#
#####O####
######Y#
#..O.§§#
#'######
#...O....#
#........#
#........+
#........#


You could see a two-headed ogre, an ice beast and a friendly air elemental.

Vanquished Creatures
  A troll (D:9)
  A sky beast (D:8)
  2 centaurs
  4 big kobolds
  2 bullfrogs
  A wyvern skeleton (D:9)
  A scorpion (D:8)
  A centaur zombie (D:3)
  2 hounds
  A gnoll shaman (D:6)
  A centaur skeleton (D:6)
  An iguana (D:6)
  Natasha (D:2)
  A worker ant (D:8)
  3 gnolls (D:6)
  7 adders
  2 river rats
  A shadow imp (D:8)
  An adder zombie (D:9)
  An adder skeleton (D:9)
  2 dart slugs (D:2)
  5 worms
  3 leopard geckos
  An orc (D:7)
  A bat (D:3)
  6 giant cockroaches
  A goblin (D:2)
  5 hobgoblins
  4 jackals
  4 quokkas
  A ball python (D:3)
  A frilled lizard (D:2)
  17 kobolds
  A leopard gecko skeleton (D:6)
  9 rats
96 creatures vanquished.

Vanquished Creatures (collateral kills)
  A water moccasin (D:6)
  An orc warrior (D:9)
  An ogre (D:5)
  A scorpion (D:4)
  A centaur skeleton (D:6)
  An orc priest (D:9)
  2 worker ants
  An adder (D:4)
  3 orcs
12 creatures vanquished.

Vanquished Creatures (others)
  A rat (D:2)
1 creature vanquished.

Grand Total: 109 creatures vanquished

Notes
Turn   | Place    | Note
-------+----------+-------------------------------------------
     0 | D:1      | 4thArraOfDagon the Troll Wanderer began the quest for the Orb.
     0 | D:1      | 4thArraOfDagon set off with: a book of Battle, a potion of curing, a scroll of teleportation, a +0 robe, a +0 club, a +0 dagger, 2 bread rations
     0 | D:1      | Reached XP level 1. HP: 19/19 MP: 0/0
    68 | D:2      | Noticed Natasha
   113 | D:2      | Reached skill level 1 in Unarmed Combat
   131 | D:2      | Reached XP level 2. HP: 25/27 MP: 1/1
   167 | D:2      | Killed Natasha
   167 | D:2      | Reached skill level 2 in Unarmed Combat
   167 | D:2      | Reached XP level 3. HP: 33/33 MP: 2/2
   180 | D:2      | Reached skill level 3 in Unarmed Combat
   213 | D:3      | Found a glowing drain.
   256 | Sewer    | Entered a sewer
   329 | D:4      | Found a staircase to the Ecumenical Temple.
   338 | Temple   | Entered the Ecumenical Temple
   387 | Temple   | Became a worshipper of Nemelex Xobeh the Trickster
   401 | D:4      | Received a gift from Nemelex Xobeh
   408 | D:4      | Reached XP level 4. HP: 41/41 MP: 3/3
   422 | D:4      | Reached skill level 4 in Unarmed Combat
   465 | D:5      | Entered Level 5 of the Dungeon
   470 | D:5      | Learned a level 3 spell: Regeneration
   493 | D:5      | Found Zuxam's Food Boutique.
   497 | D:5      | Noticed an ogre
   553 | D:5      | Killed an ogre
   553 | D:5      | Reached XP level 5. HP: 48/48 MP: 4/4
   581 | D:5      | ofc
   583 | D:5      | Got a smoking long sword
   703 | D:6      | Reached skill level 5 in Unarmed Combat
   727 | D:6      | Reached skill level 1 in Invocations
   742 | D:6      | Noticed an ice beast
   743 | D:6      | Reached XP level 6. HP: 38/55 MP: 5/5
   760 | D:6      | an ice beast changed into a boggart
   766 | D:6      | Noticed a water moccasin
   770 | D:6      | a water moccasin changed into an ogre
   869 | D:4      | Found Kewuvi's Distillery.
   897 | D:4      | Bought a potion of might for 40 gold pieces
   897 | D:4      | Bought a potion of berserk rage for 50 gold pieces
   897 | D:4      | Bought a potion of mutation for 25 gold pieces
   897 | D:4      | Gained mutation: You evolve. [potion of mutation]
   897 | D:4      | Gained mutation: Your body sometimes deteriorates upon taking damage. [potion of mutation]
   897 | D:4      | Gained mutation: Your spells are a little harder to cast, but a little more powerful. [potion of mutation]
   917 | D:3      | Reached skill level 6 in Unarmed Combat
   930 | D:3      | Noticed Grinder
   936 | D:2      | Received a gift from Nemelex Xobeh
   964 | D:2      | Paralysed by Grinder for 4 turns
  1098 | D:3      | Reached * piety under Nemelex Xobeh
  1183 | D:4      | Found a blossoming altar of Fedhas.
  1183 | D:4      | Found a white marble altar of Elyvilon.
  1266 | D:5      | Reached XP level 7. HP: 62/62 MP: 7/7
  1331 | D:6      | Identified a +1 rod of ignition (14/14) (You found it on level 6 of the Dungeon)
  1464 | D:8      | Reached skill level 7 in Unarmed Combat
  1634 | D:7      | Received a gift from Nemelex Xobeh
  1718 | D:8      | Reached skill level 8 in Unarmed Combat
  1718 | D:8      | Reached XP level 8. HP: 70/70 MP: 9/9
  1779 | D:8      | Gained mutation: Scrolls take you a little longer to read. [mutagenic meat]
  1782 | D:8      | Gained mutation: You are agile. (Dex +2) [mutagenic meat]
  1800 | D:8      | Found a staircase to the Lair.
  1806 | D:8      | Reached ** piety under Nemelex Xobeh
  1907 | D:9      | Noticed a troll
  1918 | D:9      | Killed a troll
  1986 | D:9      | Reached skill level 9 in Unarmed Combat
  2065 | D:9      | Noticed a two-headed ogre
  2079 | D:9      | Mangled by a two-headed ogre

Vault maps used:
D:1:      kennysheep_arrival_seaside, lexackson_kobold_supper
D:2:      grunt_gozag_breadcrumbs, kennysheep_generic_room_16, uniq_natasha
D:3:      portal_sewer_entry_b, first_bread, uniq_grinder
D:4:      gammafunk_temple_overflow_wave, serial_shops, shop, uniq_duvessa
D:5:      serial_shops, nicolae_shop_trees, kennysheep_flooded_box
D:6:      minitemple, uniq_edmund
D:8:      dpeg_oklobed_lair
D:9:      serial_shops, shop
Temple:   eino_wide_crystal_templ
Sewer:    sewer_co_scattered_pipes

Skill      XL: |  1  2  3  4  5  6  7  8 |
---------------+-------------------------+-----
Unarmed Combat | 1 2 3 4 5 6 8 9 |  9.4
Invocations    | 1 2 3 4 |  4.9
Fighting       | |  1.0
Polearms       | |  1.0
Throwing       | |  1.0
Dodging        | |  1.0
Stealth        | |  1.7
Charms         | |  1.2
Earth Magic    | |  1.0

Action                   |  1- 3 |  4- 6 |  7- 9 || total
-------------------------+-------+-------+-------++-------
Melee: Unarmed           |    52 |   113 |   130 ||   295
       Punch             |     1 |     2 |     3 ||     6
Evoke: Deck              |     1 |     6 |     7 ||    14
       Wand              |       |       |     2 ||     2
  Use: Scroll            |     1 |       |       ||     1
       Potion            |       |     1 |     1 ||     2
 Stab: Sleeping          |     2 |     2 |       ||     4
       Confused          |       |       |     2 ||     2
  Eat: Chunk             |     5 |     7 |    14 ||    26
       Beef jerky        |     1 |       |       ||     1
Armor: Robe              |    15 |    48 |    37 ||   100
Dodge: Dodged            |    18 |    46 |    57 ||   121
